 Dungeon Crawl Stone Soup version 0.31-a0-1068-g5939ac1fb6 (webtiles) character file.

Game seed: 1380999532128982419

3115 Maratek the Trooper (level 9, -3/72 HPs)
             Began as a Demonspawn Fighter on Nov 24, 2023.
             Was a Priest of Qazlal.
             Slain by a two-headed ogre
             ... wielding a +0 dire flail
              (13 damage)
             ... on level 8 of the Dungeon.
             The game lasted 00:12:02 (6906 turns).

Maratek the Trooper (Demonspawn Fighter)            Turns: 6906, Time: 00:12:03

Health: -3/72      AC: 12    Str: 25    XL:     9   Next: 60%
Magic:  9/9        EV: 11    Int:  9    God:    Qazlal [***...]
Gold:   509        SH:  4    Dex: 24    Spells: 8/8 levels left

rFire   . . .        v - +1 war axe (freeze)
rCold   + . .        (no shield)
rNeg    . . .        b - +0 scale mail
rPois   .            (helmet restricted)
rElec   .            r - +1 cloak of the Volcano {Str+5}
rCorr   +            (no gloves)
SInv    .            d - +1 pair of boots
Will    .....        n - amulet "Cuint" {RegenMP rC+ rCorr Dex+4}
Stlth   +            t - +6 ring of dexterity
HPRegen 0.32/turn    (no ring)
MPRegen 0.62/turn

%: no passive effects
@: mighty, hasted, very quick
A: hooves 1, horns 1, demonic guardian 1, magic regeneration, demonic touch 1
a: Renounce Religion, Upheaval, Elemental Force


You were on level 8 of the Dungeon.
You worshipped Qazlal.
Qazlal was most pleased with you.
You visited 1 branch of the dungeon, and saw 8 of its levels.

You collected 509 gold pieces.

Inventory:

Hand Weapons
 j - a +1 broad axe
 v - a +1 war axe of freezing (weapon)
Armour
 b - a +0 scale mail (worn)
 d - a +1 pair of boots (worn)
 r - the +1 cloak of the Volcano (worn) {Str+5}
   (You found it on level 6 of the Dungeon)

   Str+5:     It affects your strength (+5).
Jewellery
 n - the amulet "Cuint" (around neck) {RegenMP rC+ rCorr Dex+4}
   (You took it off a hobgoblin on level 4 of the Dungeon)

   [amulet of magic regeneration]

   RegenMP:   It increases your rate of magic regeneration.
   Dex+4:     It affects your dexterity (+4).
   rC+:       It protects you from cold.
   rCorr:     It protects you from acid and corrosion.
 t - a +6 ring of dexterity (left hand)
Wands
 a - a wand of polymorph (8)
 f - a wand of paralysis (7)
Scrolls
 e - 2 scrolls of amnesia
 g - a scroll of teleportation
 l - a scroll of fear {unknown}
Potions
 c - a potion of brilliance
 h - 2 potions of lignification
 i - 5 potions of enlightenment
 k - 3 potions of curing
 o - 2 potions of heal wounds {unknown}
 p - a potion of might
 s - 2 potions of mutation {unknown}
 u - a potion of cancellation {unknown}


   Skills:
 * Level 7.4 Fighting
 * Level 6.3 Axes
 * Level 6.7 Armour
 * Level 1.8 Dodging
 - Level 6.4 Shields


You had 8 spell levels left.
You didn't know any spells.
Your spell library contained the following spells:

 Spells                   Type           Power      Damage    Failure   Level
 Ignite Poison            Fire/Tmut/Pois 0%         N/A       95%         3
 Olgreb's Toxic Radiance  Pois           0%         N/A       100%        4
 Sticky Flame             Conj/Fire      0%         2d3       100%        4
 Discord                  Hex            0%         N/A       100%        8
 Ignition                 Fire           0%         3d3       100%        8


Dungeon Overview and Level Annotations

Branches:
Dungeon (8/15)             Temple (0/1) D:5
   Lair: D:8-11

Altars:
Hepliaklqana
Kikubaaqudgha
Qazlal
Uskayaw
Vehumet
Xom


Innate Abilities, Weirdness & Mutations

You have large cloven feet.
You have a pair of small horns on your head.
A weak demonic guardian rushes to your aid.
You regenerate magic rapidly.
Your touch may inflict minor irresistible damage on your foes.


Message History

The killer bee stings you but does no damage.
The killer bee barely misses you.
You hit the two-headed ogre but do no damage.
You headbutt the two-headed ogre, but do no damage.
You touch the two-headed ogre.
The two-headed ogre is lightly wounded.
You barely miss the killer bee. You block the killer bee's attack.
The two-headed ogre hits you with a +0 dire flail!
The two-headed ogre hits you with a +0 giant club.
The killer bee stings you but does no damage.
You slash the two-headed ogre! You freeze the two-headed ogre.
The two-headed ogre is moderately wounded.
You miss the killer bee.
The killer bee stings you but does no damage.
The killer bee stings you.
You are poisoned.
The killer bee poisons you!
The two-headed ogre hits you with a +0 dire flail!
The two-headed ogre hits you with a +0 giant club!
The killer bee barely misses you.
You are too injured to fight recklessly!
You are too injured to fight recklessly!
You are too injured to fight recklessly!
Unknown command.
You are too injured to fight recklessly!
You feel yourself speed up.
You feel sick. The killer bee stings you! You block the killer bee's attack.
The two-headed ogre hits you with a +0 dire flail!!
* * * LOW HITPOINT WARNING * * *
A demonic guardian appears!
The two-headed ogre barely misses you.
You feel very mighty all of a sudden.
* * * LOW HITPOINT WARNING * * *
You feel sick. The killer bee closely misses you.
You feel better.
The killer bee stings you but does no damage.
Your iron imp barely misses the two-headed ogre.
The killer bee stings you but does no damage.
The two-headed ogre closely misses you.
The two-headed ogre hits you with a +0 giant club!
You die...

....... .>... #
......# ... .#
.....# #5#..#
#Oy..# #@# #.# #.#
#.# ##### #.#
........########.#
..............##.#
........~...⌠....#
.......~≈~~...#..#


You could see a two-headed ogre (ally target), a killer bee and a friendly iron
imp (summoned).

Vanquished Creatures
  A yak (D:7)
  Duvessa (D:5)
  3 ogres
  3 centaurs
  2 phantoms (D:6)
  2 kobold brigands
  Blork the orc (D:5)
  5 scorpions
  Dowan (D:5)
  11 killer bees
  3 jellies
  A howler monkey (D:5)
  5 orc priests
  4 hounds
  2 gnoll boudas
  2 sleepcaps
  4 orc wizards
  Ijyb (D:5)
  4 iguanas
  6 adders
  15 gnolls
  A shadow imp (D:6)
  A white imp (D:4)
  An ufetubus (D:7)
  A worm (D:5)
  3 dart slugs
  26 orcs
  4 endoplasms
  2 giant cockroaches
  12 goblins
  4 hobgoblins
  10 jackals
  3 quokkas (D:1)
  6 ball pythons
  5 bats
  4 frilled lizards
  12 kobolds
  6 rats
178 creatures vanquished.

Vanquished Creatures (collateral kills)
  A gnoll sergeant (D:8)
  A worm (D:2)
  An orc (D:7)
3 creatures vanquished.

Grand Total: 181 creatures vanquished

Notes
Turn   | Place    | Note
-------+----------+-------------------------------------------
     0 | D:1      | Maratek the Demonspawn Fighter began the quest for the Orb.
     0 | D:1      | Reached XP level 1. HP: 18/18 MP: 1/1
   136 | D:1      | Discovered your monstrous ancestry.
   136 | D:1      | Gained mutation: You have a pair of small horns on your
                  | head. [demonic ancestry]
   136 | D:1      | Reached XP level 2. HP: 13/24 MP: 2/2
   499 | D:1      | Gained mutation: A weak demonic guardian rushes to your
                  | aid. [demonic ancestry]
   499 | D:1      | Reached XP level 3. HP: 25/29 MP: 3/3
  1141 | D:2      | Found a stormy altar of Qazlal.
  1214 | D:2      | Became a worshipper of Qazlal Stormbringer
  1825 | D:3      | Gained mutation: Your touch may inflict minor irresistible
                  | damage on your foes. [demonic ancestry]
  1825 | D:3      | Reached XP level 4. HP: 35/35 MP: 4/4
  1895 | D:3      | Identified the +5 ring mail of Ytzeomm {Contam rF++ rCorr}
  1941 | D:3      | Noticed a scorpion
  1947 | D:3      | Killed a scorpion
  1948 | D:3      | Reached XP level 5. HP: 18/42 MP: 5/5
  1949 | D:3      | Reached * piety under Qazlal
  2612 | D:3      | Reached skill level 4 in Fighting
  2971 | D:4      | Reached XP level 6. HP: 40/48 MP: 6/6
  3211 | D:4      | Identified the amulet "Cuint" {RegenMP rC+ rCorr Dex+4}
  3502 | D:5      | Entered Level 5 of the Dungeon
  3525 | D:5      | Noticed Ijyb
  3525 | D:5      | Paralysed by Ijyb for 4 turns
  3529 | D:5      | Noticed Duvessa
  3532 | D:5      | Paralysed by Ijyb for 3 turns
  3643 | D:5      | Paralysed by Ijyb for 2 turns
  3647 | D:5      | Killed Duvessa
  3647 | D:5      | Killed Ijyb
  3648 | D:5      | Gained mutation: You regenerate magic rapidly. [demonic
                  | ancestry]
  3648 | D:5      | Reached XP level 7. HP: 53/55 MP: 7/7
  3655 | D:5      | Noticed Dowan
  3679 | D:5      | Killed Dowan
  3723 | D:5      | Found a shimmering altar of Xom.
  3725 | D:5      | Found a hazy altar of Hepliaklqana.
  3793 | D:5      | Noticed Blork the orc
  3801 | D:5      | Killed Blork the orc
  3802 | D:5      | Reached skill level 5 in Fighting
  4064 | D:5      | Reached skill level 5 in Shields
  4067 | D:5      | Reached skill level 5 in Armour
  4067 | D:5      | Gained mutation: You have large cloven feet. [demonic
                  | ancestry]
  4067 | D:5      | Reached XP level 8. HP: 26/63 MP: 8/8
  4076 | D:5      | Identified the +6 scale mail of Ruxiomaf {rF+ Int+5 Slay-6}
  4213 | D:5      | Found a staircase to the Ecumenical Temple.
  4344 | D:5      | Identified the +2 leather armour of Mycrewio {rC+ Will+
                  | Dex+3}
  4443 | D:5      | Found a hide-covered altar of Uskayaw.
  4547 | D:6      | Identified the +1 cloak of the Volcano {Str+5}
  4579 | D:6      | Reached ** piety under Qazlal
  4588 | D:6      | Identified the +6 chain mail "Vasoamah" {Rampage Dex+3
                  | SInv}
  4824 | D:6      | Found a radiant altar of Vehumet.
  4982 | D:6      | Reached skill level 6 in Fighting
  4982 | D:6      | Reached skill level 5 in Axes
  5714 | D:7      | Reached XP level 9. HP: 35/71 MP: 9/9
  6014 | D:7      | Reached skill level 7 in Fighting
  6033 | D:7      | Reached *** piety under Qazlal
  6499 | D:7      | Reached skill level 1 in Dodging
  6880 | D:8      | Found an ancient bone altar of Kikubaaqudgha.
  6899 | D:8      | Noticed a two-headed ogre
  6904 | D:8      | HP: 3/72 [two-headed ogre/+0 dire flail (19)]
  6905 | D:8      | HP: 1/72 [poisoned by a killer bee]
  6906 | D:8      | Slain by a two-headed ogre

Illustrated notes

Levels and vault maps discovered:
D:1:      lemuel_arrival_funnel, layout_loops_ring, dk_noncrumbling_2,
          minivault_27, nrook_loot_triangle, minmay_gold_behind_fungi,
          minmay_distorted
D:2:      layout_rooms, basic_altar
D:3:      layout_basic, chequers_serial_rivers_large_a, minmay_ruptured
D:4:      layout_rooms, skrybe_limestone_x, hangedman_decor_lopped,
          minmay_misc_feat_iff
D:5:      layout_gridville, nicolae_overflow_squiral,
          gammafunk_temple_overflow_forgotten, minmay_temple_entry_antechambers,
          uniq_duvessa, uniq_blork_the_orc, uniq_ijyb
D:6:      layout_loops_corners, nicolae_vehumet_altar_sigil
D:7:      layout_basic, kennysheep_potato
D:8:      layout_basic, kiku_gazebo_pond_becter, st_stairs_1

Skill      XL: |  1  2  3  4  5  6  7  8  9 |
---------------+----------------------------+-----
Axes           | 2 3 4 5 6 |  6.3
Shields        | 3 4 5 6 |  6.4
Armour         | 3 4 5 6 |  6.7
Fighting       | 4 5 6 7 |  7.4
Dodging        | 1 |  1.8

Action                     |  1- 3 |  4- 6 |  7- 9 || total
---------------------------+-------+-------+-------++-------
  Melee: War axe           |   160 |    45 |   142 ||   347
         Headbutt          |    17 |    19 |    47 ||    83
         Touch             |       |    17 |    32 ||    49
         Broad axe         |       |    50 |    56 ||   106
         Unarmed           |       |       |     7 ||     7
    Use: Scroll            |     3 |     4 |     9 ||    16
         Potion            |       |     1 |     4 ||     5
   Stab: Confused          |       |       |     1 ||     1
 Armour: Scale mail        |   106 |   115 |   196 ||   417
         Skin              |       |       |     1 ||     1
  Dodge: Dodged            |    71 |    49 |   128 ||   248
  Block: Buckler           |    36 |       |       ||    36
         Other             |       |     7 |    22 ||    29

Table legend: (Time is in decaauts)
 A = Elapsed time spent in this place.
 B = Non-inter-level travel time spent in this place.
 C = Inter-level travel time spent in this place.
 D = Time resting spent in this place.
 E = Time spent auto-exploring this place.
 F = Levels seen in this place.
 G = Mean time per level.
                   A        B        C        D        E       F      G
               +--------+--------+--------+--------+--------+-----+--------+
         Total |   7075 |   6661 |    414 |    772 |   4682 |   8 |  884.4 |
       Dungeon |   7075 |   6661 |    414 |    772 |   4682 |   8 |  884.4 |
               +--------+--------+--------+--------+--------+-----+--------+

Top non-repeatable levels by time:
     D:6: 1363 daAuts
     D:3: 1224 daAuts
     D:1: 1087 daAuts
     D:5: 941 daAuts
     D:7: 903 daAuts
     D:4: 888 daAuts
     D:2: 521 daAuts
     D:8: 144 daAuts
